 Dungeon Crawl Stone Soup version 0.32-a0-834-geaf45d8e21 (webtiles) character file.

Game seed: 16951212226700699286

772 Maxmaps the Caller (level 7, -2/48 HPs)
             Began as an Octopode Summoner on Mar 26, 2024.
             Was an Initiate of Gozag.
             Killed from afar by an orc wizard (10 damage)
             ... with a magic dart
             ... on level 5 of the Dungeon.
             The game lasted 00:06:34 (3867 turns).

Maxmaps the Caller (Octopode Summoner)              Turns: 3867, Time: 00:06:35

Health: -2/48      AC:  1    Str:  7    XL:     7   Next: 83%
Magic:  5/10       EV: 27    Int: 19    God:    Gozag
Gold:   272        SH:  0    Dex: 13    Spells: 4/10 levels left

rFire   . .          .
                       - Unarmed
rCold   . . .        (no shield)
rNeg    . . .        (helmet restricted)
rPois   .            h - amulet of the acrobat
rElec   .            (no ring)
rCorr   .            (no ring)
SInv    .            (no ring)
Will    .....        (no ring)
Stlth   ++           (no ring)
HPRegen 0.28/turn    (no ring)
MPRegen 0.12/turn    (no ring)
                     (no ring)

%: acrobat
@: confused, gold aura, acrobatic, inugami summoned
A: almost no armour, amphibious, 8 rings, camouflage 1, gelatinous body 1,
(nimble swimmer 1), tentacles
a: Renounce Religion, Potion Petition, Call Merchant, Bribe Branch


You were on level 5 of the Dungeon.
You worshipped Gozag.
Gozag was aware of your devotion.
You visited 2 branches of the dungeon, and saw 6 of its levels.

You collected 354 gold pieces.
You paid 82 gold pieces to Gozag.

Inventory:

Jewellery
 h - an amulet of the acrobat (around mantle)
 j - a ring of magical power
Talismans
 d - a flux talisman
Wands
 m - a wand of charming (12)
 p - a wand of quicksilver (11)
Scrolls
 f - a scroll of summoning {unknown}
 i - a scroll of fear
 l - a scroll of enchant armour {unknown}
Potions
 a - a potion of magic
 b - a potion of invisibility
 c - 2 potions of mutation
 e - a potion of haste
 g - a potion of degeneration {unknown}
 k - a potion of might
 n - a potion of attraction {unknown}
 o - a potion of resistance {unknown}
 q - a potion of curing {unknown}


   Skills:
 - Level 4.0 Fighting
 - Level 2.0 Dodging
 - Level 2.6 Stealth
 - Level 4.0 Unarmed Combat
 - Level 2.0 Spellcasting
 + Level 7.1 Summonings


You had 4 spell levels left.
You knew the following spells:

 Your Spells              Type           Power      Damage    Failure   Level
a - Summon Small Mammal   Summ           100%       N/A       1%          1
b - Call Imp              Summ           58%        N/A       1%          2
c - Call Canine Familiar  Summ           29%        N/A       2%          3

Your spell library contained the following spells:

 Spells                   Type           Power      Damage    Failure   Level
 Shock                    Conj/Air       4%         1d3       17%         1
 Sublimation of Blood     Necr           1%         N/A       26%         2
 Summon Blazeheart Golem  Fire/Summ      15%        N/A       36%         4
 Summon Lightning Spire   Summ/Air       15%        N/A       36%         4
 Gell's Gravitas          Tloc           1%         N/A       45%         3
 Swiftness                Air            1%         N/A       45%         3
 Teleport Other           Tloc           1%         N/A       45%         3
 Volatile Blastmotes      Fire/Tloc      2%         2d10      45%         3
 Airstrike                Air            0%         2d(1-17)  86%         4
 Fulminant Prism          Conj/Alch      0%         3d5       86%         4
 Iskenderun's Mystic Bla  Conj/Tloc      1%         2d3       86%         4
 Petrify                  Alch/Erth      1%         N/A       86%         4
 Irradiate                Conj/Alch      0%         3d11      99%         5
 Dispersal                Tloc           0%         N/A       100%        6


Dungeon Overview and Level Annotations

Branches:
Dungeon (5/15)             Temple (1/1) D:4

Altars:
Ashenzari
Cheibriados
Dithmenos
Elyvilon
Fedhas
Gozag
Hepliaklqana
Kikubaaqudgha
Makhleb
Okawaru
Qazlal
Ru
Sif Muna
Trog
Uskayaw
Vehumet
Wu Jian
Xom
Yredelemnul
The Shining One

Annotations:
D:4 2 runed translucent doors, Crazy Yiuf; Squishy's ghost, amateur DrCj
Temple 2 transporters


Innate Abilities, Weirdness & Mutations

You cannot wear most types of armour.
You are amphibious.
You can wear up to eight rings at the same time.
Your skin changes colour to match your surroundings (Stealth+).
Your rubbery body absorbs attacks. (AC +1, EV +1)
((You are camouflaged when in or above water. (Stealth+)))
You have tentacles for arms and can constrict up to eight enemies at once.


Message History

You miss something. Your squeeze misses something.
Your cerulean imp barely misses the adder.
You hear some strange, mumbled words.
A magic dart appears from out of thin air!
The magic dart hits you!
* * * LOW HITPOINT WARNING * * *
The adder closely misses your inugami.
Your rat bites the adder.
Your inugami barely misses the adder.
You barely miss something.
The adder bites your inugami but does no damage.
Your cerulean imp barely misses the adder.
Something hits you.
* * * LOW HITPOINT WARNING * * *
Your rat misses the adder.
Your inugami hits the adder but does no damage.
You closely miss something. The adder closely misses your inugami.
Your cerulean imp barely misses the adder.
You hear some strange, mumbled words.
Something tries to affect you, but you resist.
The adder barely misses your inugami.
Your inugami hits the adder!
The adder dies!
You miss something. Something barely misses you.
You barely miss something. Your inugami misses something. Something hits you.
* * * LOW HITPOINT WARNING * * *
You closely miss something. Your inugami hits something.
You hear some strange, mumbled words.
You are confused.
Okay, then.
Your inugami closely misses something.
Something closely misses you.
Your inugami closely misses something.
You hear some strange, mumbled words.
Something tries to affect you, but you resist.
Your inugami hits something but does no damage.
Something completely misses you.
Your inugami closely misses something.
You hear some strange, mumbled words.
A magic dart appears from out of thin air!
The magic dart hits you!
You die...
Your body crumbles into a pile of gold.

.........#♣♣##.#♣♣
#.###.#### ♣♣..♣♣
## #### .. ...
♣..♣##(#...?. ##
.### #''##..#....
####...........
...........#...
........5$.#
#.####..rhr$# #
#..{@..# ##..####
#..... #..$....
###.... #....
#.... #....


You could see a friendly cerulean imp (summoned), a friendly inugami (summoned)
and 2 friendly rats.

Vanquished Creatures
  Prince Ribbit (D:5)
  A kobold brigand (D:5)
  A scorpion (D:4)
  A bombardier beetle (D:5)
  A hound (D:4)
  An orc priest (D:5)
  Jessica (D:3)
  An orc wizard (D:4)
  Natasha (twice) (D:4)
  An iguana (D:5)
  Robin (D:4)
  3 gnolls (D:3)
  3 adders
  A white imp (D:3)
  2 dart slugs
  2 ribbon worms (D:5)
  4 orcs
  4 endoplasms
  2 giant cockroaches
  7 goblins
  5 hobgoblins
  5 jackals
  4 quokkas
  8 ball pythons
  4 bats
  3 frilled lizards (D:1)
  7 kobolds
  7 rats
83 creatures vanquished.

Vanquished Creatures (collateral kills)
  Natasha (D:4)
  2 adders
  A dart slug (D:2)
  3 orcs
  3 bats
  An endoplasm (D:2)
  8 goblins
  A hobgoblin (D:4)
  3 jackals
  A ball python (D:4)
  3 kobolds
  2 rats (D:2)
29 creatures vanquished.

Grand Total: 112 creatures vanquished

Notes
Turn   | Place    | Note
-------+----------+-------------------------------------------
     0 | D:1      | Maxmaps the Octopode Summoner began the quest for the Orb.
     0 | D:1      | Reached XP level 1. HP: 11/11 MP: 3/3
    22 | D:1      | Reached skill level 1 in Fighting
   210 | D:1      | Reached XP level 2. HP: 18/18 MP: 5/5
   429 | D:1      | Found a faded altar of an unknown god.
   539 | D:1      | Reached XP level 3. HP: 25/25 MP: 6/6
   835 | D:2      | Reached XP level 4. HP: 16/31 MP: 5/7
  1113 | D:2      | Learned a level 2 spell: Call Imp
  1703 | D:3      | Learned a level 3 spell: Call Canine Familiar
  1791 | D:3      | Reached skill level 1 in Unarmed Combat
  1806 | D:3      | Reached XP level 5. HP: 26/37 MP: 4/8
  1964 | D:3      | Noticed Jessica
  1971 | D:3      | Killed Jessica
  2356 | D:4      | Found a runed translucent door.
  2357 | D:4      | Noticed Crazy Yiuf
  2447 | D:4      | Found a basalt altar of Yredelemnul.
  2471 | D:4      | Reached XP level 6. HP: 24/43 MP: 9/9
  2742 | D:4      | Noticed Robin
  2752 | D:4      | Noticed Natasha
  2753 | D:4      | Killed Robin
  2756 | D:4      | Killed Natasha
  2906 | D:4      | Found a staircase to the Ecumenical Temple.
  2979 | Temple   | Found a transporter.
  2979 | Temple   | Found a transporter.
  2979 | Temple   | Found a transporter.
  2979 | Temple   | Found a transporter.
  2979 | Temple   | Entered the Ecumenical Temple
  2992 | Temple   | Became a worshipper of Gozag Ym Sagoz the Greedy
  3098 | D:4      | Found a runed translucent door.
  3102 | D:4      | Noticed Squishy's ghost (amateur DrCj)
  3130 | D:4      | Noticed Natasha
  3136 | D:4      | Killed Natasha
  3297 | D:4      | Noticed Natasha
  3303 | D:4      | Killed Natasha
  3304 | D:4      | Reached skill level 5 in Summonings
  3492 | D:5      | Entered Level 5 of the Dungeon
  3494 | D:5      | Noticed Prince Ribbit
  3515 | D:5      | Reached XP level 7. HP: 48/48 MP: 7/10
  3533 | D:5      | Killed Prince Ribbit
  3534 | D:5      | Reached skill level 6 in Summonings
  3850 | D:5      | Reached skill level 7 in Summonings
  3867 | D:5      | Killed from afar by an orc wizard

Illustrated notes

Levels and vault maps discovered:
D:1:      dreamdust_arrival_beginning_and_end, layout_rooms,
          hellmonk_ecumenical_altar_crossroads, minmay_hedge_maze
D:2:      layout_rooms
D:3:      layout_rooms, uniq_jessica
D:4:      layout_basic, mainiacjoe_overflow_six_doors_small,
          lemuel_temple_firewalk_a, ebering_ghost_sewer_d, serial_glass,
          glass_columns_a, glass_columns_a, uniq_natasha,
          uniq_crazy_yiuf_cottage, uniq_robin
D:5:      layout_rooms, lemuel_doored_altar, kennysheep_generic_room_3,
          uniq_prince_ribbit1
Temple:   hellmonk_temple_divided_pantheon

Skill      XL: |  1  2  3  4  5  6  7 |
---------------+----------------------+-----
Fighting       | 1 2 3 4 |  4.0
Unarmed Combat | 1 4 |  4.0
Summonings     | 5 7 |  7.1
Dodging        | |  2.0
Stealth        | |  2.6
Spellcasting   | |  2.0

Action                     |  1- 3 |  4- 6 |  7- 9 || total
---------------------------+-------+-------+-------++-------
  Melee: Unarmed           |    74 |   107 |    32 ||   213
         Constrict         |    24 |    39 |     8 ||    71
         Tentacles         |    14 |    32 |     8 ||    54
         Punch             |       |     3 |     3 ||     6
   Cast: Summon Small Mamm |    14 |     9 |     6 ||    29
         Call Imp          |       |     9 |     2 ||    11
         Call Canine Famil |       |     6 |     2 ||     8
    Use: Potion            |       |     1 |       ||     1
         Scroll            |       |     9 |       ||     9
   Stab: Sleeping          |     9 |     7 |       ||    16
         Distracted        |       |     1 |       ||     1
 Armour: Skin              |    57 |    63 |    25 ||   145
  Dodge: Dodged            |    82 |   100 |    24 ||   206

Table legend: (Time is in decaauts)
 A = Elapsed time spent in this place.
 B = Non-inter-level travel time spent in this place.
 C = Inter-level travel time spent in this place.
 D = Time resting spent in this place.
 E = Time spent auto-exploring this place.
 F = Levels seen in this place.
 G = Mean time per level.
                   A        B        C        D        E       F      G
               +--------+--------+--------+--------+--------+-----+--------+
         Total |   3847 |   3633 |    214 |    716 |   2202 |   6 |  641.2 |
       Dungeon |   3816 |   3629 |    187 |    716 |   2202 |   5 |  763.2 |
        Temple |     30 |      4 |     26 |      0 |      0 |   1 |   30.0 |
               +--------+--------+--------+--------+--------+-----+--------+

Top non-repeatable levels by time:
     D:4: 1273 daAuts
     D:2: 921 daAuts
     D:1: 650 daAuts
     D:3: 599 daAuts
     D:5: 372 daAuts
  Temple: 30 daAuts
